 Dungeon Crawl Stone Soup version 0.30-a0-830-gfe289a77b0 (webtiles) character file.

Game seed: 5010776893178126070

1659 Twinkles the Vexing (level 9, 66/66 HPs)
             Began as a Gnoll Hexslinger on Feb 28, 2023.
             Was a Follower of Okawaru.
             Got out of the dungeon alive.
             The game lasted 00:19:12 (7314 turns).

Twinkles the Vexing (Gnoll Hexslinger)              Turns: 7314, Time: 00:19:12

Health: 66/66      AC:  7    Str: 14    XL:     9   Next: 0%
Magic:  16/16      EV: 13    Int: 20    God:    Okawaru [*.....]
Gold:   316        SH: 10    Dex: 13    Spells: 11/17 levels left

rFire   . . .      SeeInvis .    a - +1 sling
rCold   + . .      Faith    .    o - +0 buckler
rNeg    . . .      Spirit   .    d - +2 leather armour {rC+}
rPois   .          Reflect  +    (no helmet)
rElec   .          Harm     .    (no cloak)
rCorr   .          Rampage  .    s - +1 pair of gloves
Will    .....      Rage     3%   (no boots)
Stlth   ++                       r - amulet of reflection
HPRegen 0.31/turn                h - +6 ring of strength
MPRegen 0.15/turn                (no ring)

@: no status effects
A: fangs 1, strong nose, distributed training, berserk 1, clever 1, MP-powered
wands
a: Renounce Religion, Heroism


You escaped.
You worshipped Okawaru.
Okawaru was aware of your devotion.
You visited 2 branches of the dungeon, and saw 8 of its levels.

You collected 316 gold pieces.

Inventory:

Hand Weapons
 a - a +1 sling (weapon)
Armour
 c - a +0 robe
 d - a +2 leather armour of cold resistance (worn)
 e - a +0 leather armour
 o - a +0 buckler (worn)
 s - a +1 pair of gloves (worn)
Jewellery
 h - a +6 ring of strength (left hand)
 r - an amulet of reflection (around neck)
 t - a ring of ice
Wands
 q - a wand of flame (13)
 y - a wand of mindburst (11)
Scrolls
 b - 2 scrolls of poison
 g - a scroll of teleportation {unknown}
 D - 2 scrolls of blinking
 O - 2 scrolls of silence
 X - a scroll of magic mapping
 Z - 4 scrolls of identify
Potions
 f - 2 potions of curing {unknown}
 i - a potion of brilliance {unknown}
 m - a potion of flight {unknown}
 u - a potion of berserk rage {unknown}
 A - 2 potions of attraction
 P - 2 potions of lignification
 U - a potion of mutation


   Skills:
 + Level 4.7 Fighting
 + Level 3.9 Short Blades
 + Level 3.9 Long Blades
 + Level 3.9 Axes
 + Level 3.9 Maces & Flails
 + Level 3.9 Polearms
 + Level 3.9 Staves
 + Level 6.1 Ranged Weapons
 + Level 3.9 Throwing
 + Level 3.9 Armour
 + Level 6.1 Dodging
 + Level 3.9 Stealth
 + Level 3.9 Shields
 + Level 3.9 Unarmed Combat
 + Level 4.9 Spellcasting
 + Level 3.2 Conjurations
 + Level 6.4 Hexes
 + Level 3.2 Summonings
 + Level 3.2 Necromancy
 + Level 3.2 Translocations
 + Level 3.2 Transmutations
 + Level 3.2 Fire Magic
 + Level 3.2 Ice Magic
 + Level 3.2 Air Magic
 + Level 3.2 Earth Magic
 + Level 3.2 Poison Magic
 + Level 4.3 Invocations
 + Level 3.9 Evocations


You had 11 spell levels left.
You knew the following spells:

 Your Spells              Type           Power      Damage    Failure   Level
a - Slow                  Hex            100%       N/A       1%          1
b - Passwall              Tmut/Erth      14%        N/A       8%          2
c - Mephitic Cloud        Conj/Pois/Air  17%        N/A       16%         3

Your spell library contained the following spells:

 Spells                   Type           Power      Damage    Failure   Level
 Apportation              Tloc           34%        N/A       4%          1
 Freeze                   Ice            68%        1d8       4%          1
 Magic Dart               Conj           68%        1d6       4%          1
 Sandblast                Erth           34%        2d9       4%          1
 Inner Flame              Hex/Fire       24%        N/A       8%          3
 Portal Projectile        Hex/Tloc       48%        N/A       8%          3
 Cause Fear               Hex            15%        N/A       14%         4
 Frozen Ramparts          Ice            34%        1d6       16%         3
 Hailstorm                Conj/Ice       17%        3d6       16%         3
 Stone Arrow              Conj/Erth      34%        3d9       16%         3
 Alistair's Intoxication  Tmut/Pois      11%        N/A       80%         5
 Call Imp                 Summ           Unusable   N/A       N/A         2

Dungeon Overview and Level Annotations

Branches:
Dungeon (7/15) Zot: 26689  Temple (1/1) D:4 Zot: 5750

Altars:
Ashenzari
Cheibriados
Dithmenos
Elyvilon
Fedhas
Gozag
Hepliaklqana
Makhleb
Nemelex Xobeh
Okawaru
Qazlal
Ru
Trog
Uskayaw
Xom
Yredelemnul
Zin
The Shining One

Shops:
D:4 ((   D:6 [


Innate Abilities, Weirdness & Mutations

You have very sharp teeth.
Your uncanny sense of smell can sniff out nearby items.
Your experience applies equally to all skills.
You sometimes lose your temper in combat.
Your mind is acute. (Int +4, Str/Dex -1)
You expend magic power (3 MP) to strengthen your wands.


Message History

The sling bullet hits the orc wizard but does no damage.
The orc wizard is severely wounded.
You shoot a sling bullet. The orc wizard shouts!
The sling bullet hits the orc wizard.
You kill the orc wizard!
Okawaru accepts your kill.
You hear a shout!
You have reached level 9!
Your experience leads to an increase in your attributes!
Your base attributes are Str 9, Int 16, Dex 12.
Increase (S)trength, (I)ntelligence, or (D)exterity?
You feel agile. x2
The orc wizard gestures at you while chanting.
The magic dart hits you but does no damage.
You climb upwards.
There is a stone staircase leading down here.
You see here a +0 hand axe.
The orc wizard shouts!
There is a stone staircase leading up here.
You climb upwards.
There is a stone staircase leading down here.
There is a stone staircase leading up here.
You climb upwards.
There is a stone staircase leading down here.
There is a stone staircase leading up here.
You climb upwards.
There is a stone staircase leading down here.
You see here 3 stones.
There is a stone staircase leading up here.
You climb upwards.
There is a stone staircase leading down here.
There is a stone staircase leading up here.
You climb upwards.
There is a stone staircase leading down here.
You see here a +0 dagger.
There is an open door here.
There is a staircase leading out of the dungeon here.
Are you sure you want to leave the Dungeon?
This will make you lose the game!
You have escaped!

#.####......###.........
#..# ###..#..######.####
##.# ###.##.######.####
#.# #......##........# #.#
######.#.......... #.#
#............ #.# #####
#............ #.# #...#
##........... #.# #.@.#
#............ #.# #...#
##......#.... ####.# #...#
#....#.#.#..
#....####'#####........#.#
#....#......##.........#.#
#....#.......#...........#
#....#.#####.#...........#
#....#.#..#..#...........#
#....#.#..#.##............


There were no monsters in sight!

Vanquished Creatures
  2 water moccasins (D:5)
  2 ogres (D:4)
  An ice beast (D:5)
  2 sky beasts (D:6)
  2 phantoms (D:5)
  2 necrophages
  A bullfrog (D:4)
  2 scorpions (D:4)
  A howler monkey (D:7)
  5 orc priests
  A jelly (D:5)
  Ijyb (D:3)
  An iron imp (D:7)
  4 orc wizards
  8 adders
  A white imp (D:5)
  2 worms
  3 dart slugs
  11 orcs
  9 bats
  13 endoplasms
  4 giant cockroaches
  9 hobgoblins
  9 jackals
  6 quokkas
  3 ball pythons
  4 frilled lizards
  7 goblins
  3 hobgoblin zombies (D:7)
  4 kobolds
  An orc zombie (D:7)
  3 rats
127 creatures vanquished.

Vanquished Creatures (others)
  2 demonic plants (D:7)
  18 plants (D:6)
20 creatures vanquished.

Grand Total: 147 creatures vanquished

Notes
Turn   | Place    | Note
-------+----------+-------------------------------------------
     0 | D:1      | Twinkles the Gnoll Hexslinger began the quest for the Orb.
     0 | D:1      | Reached XP level 1. HP: 17/17 MP: 4/4
   147 | D:1      | Reached XP level 2. HP: 23/23 MP: 5/5
   469 | D:1      | Reached XP level 3. HP: 28/28 MP: 7/7
   813 | D:2      | Reached skill level 1 in Invocations
   842 | D:2      | Reached skill level 1 in Short Blades
   842 | D:2      | Reached skill level 1 in Long Blades
   842 | D:2      | Reached skill level 1 in Axes
   842 | D:2      | Reached skill level 1 in Maces & Flails
   842 | D:2      | Reached skill level 1 in Polearms
   842 | D:2      | Reached skill level 1 in Staves
   842 | D:2      | Reached skill level 1 in Throwing
   842 | D:2      | Reached skill level 1 in Armour
   842 | D:2      | Reached skill level 1 in Stealth
   842 | D:2      | Reached skill level 1 in Shields
   842 | D:2      | Reached skill level 1 in Unarmed Combat
   842 | D:2      | Reached skill level 1 in Evocations
   936 | D:2      | Reached XP level 4. HP: 34/34 MP: 8/8
  1423 | D:3      | Noticed Ijyb
  1425 | D:3      | Reached skill level 1 in Conjurations
  1425 | D:3      | Reached skill level 1 in Summonings
  1425 | D:3      | Reached skill level 1 in Necromancy
  1425 | D:3      | Reached skill level 1 in Translocations
  1425 | D:3      | Reached skill level 1 in Transmutations
  1425 | D:3      | Reached skill level 1 in Fire Magic
  1425 | D:3      | Reached skill level 1 in Ice Magic
  1425 | D:3      | Reached skill level 1 in Air Magic
  1425 | D:3      | Reached skill level 1 in Earth Magic
  1425 | D:3      | Reached skill level 1 in Poison Magic
  1440 | D:3      | HP: 10/34 [Ijyb/+0 dagger (3)]
  1446 | D:3      | Killed Ijyb
  1580 | D:3      | Reached XP level 5. HP: 40/40 MP: 9/9
  2406 | D:3      | Found a faded altar of an unknown god.
  2536 | D:4      | Reached XP level 6. HP: 23/47 MP: 9/11
  2645 | D:4      | Found Wucysk's Antique Weapon Shop.
  2774 | D:4      | HP: 13/47 [scorpion (5)]
  2776 | D:4      | Reached skill level 5 in Ranged Weapons
  2776 | D:4      | Reached skill level 5 in Dodging
  2778 | D:4      | HP: 6/47 [poisoned by a scorpion]
  2994 | D:4      | Found Sodwiuff's Weapon Emporium.
  3085 | D:4      | HP: 5/47 [ogre/+0 giant spiked club (21)]
  3087 | D:4      | Reached XP level 7. HP: 6/52 MP: 12/12
  3309 | D:4      | Found a staircase to the Ecumenical Temple.
  3339 | Temple   | Entered the Ecumenical Temple
  3572 | Temple   | Became a worshipper of Warmaster Okawaru
  3835 | D:5      | Entered Level 5 of the Dungeon
  4303 | D:5      | Found a snail-covered altar of Cheibriados.
  4340 | D:5      | Reached XP level 8. HP: 54/60 MP: 14/14
  4469 | D:5      | Gained mutation: You expend magic power (3 MP) to
                  | strengthen your wands. [potion of mutation]
  4469 | D:5      | Gained mutation: You sometimes lose your temper in combat.
                  | [potion of mutation]
  4469 | D:5      | Gained mutation: Your mind is acute. (Int +4, Str/Dex -1)
                  | [potion of mutation]
  4469 | D:5      | HP: 15/60 [orc priest/divine providence (11)]
  4475 | D:5      | HP: 7/60 [something (2)]
  4477 | D:5      | HP: 3/60 [something (1)]
  4621 | D:5      | HP: 18/60 [orc/+0 hand axe (6)]
  4626 | D:5      | HP: 16/60 [orc/+0 short sword (1)]
  4631 | D:5      | HP: 7/60 [orc/+0 hand axe (5)]
  5572 | D:5      | HP: 18/61 [poisoned by a water moccasin]
  5581 | D:5      | HP: 18/61 [poisoned by a water moccasin]
  5582 | D:5      | Reached * piety under Okawaru
  5587 | D:5      | HP: 14/61 [quokka (1)]
  6061 | D:6      | Found a hazy altar of Hepliaklqana.
  6201 | D:6      | Noticed a wraith
  6495 | D:6      | Learned a level 2 spell: Passwall
  6499 | D:6      | Learned a level 3 spell: Mephitic Cloud
  6513 | D:6      | Found Manwuasi's Antique Armour Boutique.
  6730 | D:6      | Found a sacrificial altar of Ru.
  7016 | D:7      | Found a glowing golden altar of the Shining One.
  7157 | D:7      | Upgraded the game from 0.30-a0-824-g6c64550be9 to
                  | 0.30-a0-830-gfe289a77b0
  7174 | D:7      | Reached XP level 9. HP: 66/66 MP: 16/16
  7314 | D:$      | Got out of the dungeon alive.

Illustrated notes

Levels and vault maps discovered:
D:1:      dpeg_arrival_erosion, layout_rooms, minmay_door_square,
          hangedman_abyss_or_decor_stabs, minmay_ruptured
D:2:      layout_basic
D:3:      layout_loops_ring, dreamdust_ecumenical_altar_angels_and_demons,
          uniq_ijyb
D:4:      kennysheep_spiral_hall, layout_gridville, temple_pool_b, serial_shops,
          nicolae_shop_advertising_works [nicolae_subvault_shop_adworks],
          nicolae_shop_bloodbath_and_beyond, fountainhead
D:5:      layout_layer_cave, mainiacjoe_overflow_24_doors, nrook_mini_vaults,
          kennysheep_opposing_triangles
D:6:      layout_loops_cross, lemuel_tele_altar, nicolae_overflow_hidden_temple,
          lemuel_round_altar, serial_shops, shop_statue, kennysheep_mini,
          nicolae_shop_overgrown_old_shop, minmay_misc_feat_rows,
          nicolae_grassy_gnolls, uniq_edmund
D:7:      layout_rooms, palyth_temple_overflow_mages,
          nicolae_tso_besieged_by_evil, serial_demonic, serial_demonic_e,
          serial_demonic_g, serial_demonic_e, serial_demonic_e,
          palyth_stone_intersect
Temple:   eino_temple_water

Skill      XL: |  1  2  3  4  5  6  7  8 |
---------------+-------------------------+-----
Invocations    | 1 2 3 4 |  4.3
Short Blades   | 1 2 3 |  3.9
Long Blades    | 1 2 3 |  3.9
Axes           | 1 2 3 |  3.9
Maces & Flails | 1 2 3 |  3.9
Polearms       | 1 2 3 |  3.9
Staves         | 1 2 3 |  3.9
Throwing       | 1 2 3 |  3.9
Armour         | 1 2 3 |  3.9
Stealth        | 1 2 3 |  3.9
Shields        | 1 2 3 |  3.9
Unarmed Combat | 1 2 3 |  3.9
Evocations     | 1 2 3 |  3.9
Spellcasting   | 3 4 |  4.9
Conjurations   | 1 2 3 |  3.2
Summonings     | 1 2 3 |  3.2
Necromancy     | 1 2 3 |  3.2
Translocations | 1 2 3 |  3.2
Transmutations | 1 2 3 |  3.2
Fire Magic     | 1 2 3 |  3.2
Ice Magic      | 1 2 3 |  3.2
Air Magic      | 1 2 3 |  3.2
Earth Magic    | 1 2 3 |  3.2
Poison Magic   | 1 2 3 |  3.2
Fighting       | 3 4 |  4.7
Ranged Weapons | 5 6 |  6.1
Dodging        | 5 6 |  6.1
Hexes          | 6 |  6.4

Action                     |  1- 3 |  4- 6 |  7- 9 || total
---------------------------+-------+-------+-------++-------
  Melee: Sling             |       |       |     6 ||     6
   Fire: Sling             |   133 |   239 |   418 ||   790
   Cast: Slow              |     3 |     5 |     5 ||    13
  Evoke: Wand              |       |       |     1 ||     1
    Use: Scroll            |       |       |     5 ||     5
         Potion            |       |       |     4 ||     4
 Armour: Robe              |     2 |       |       ||     2
         Leather armour    |    21 |    18 |   113 ||   152
  Dodge: Dodged            |    63 |    77 |   133 ||   273
  Block: Buckler           |       |    11 |   118 ||   129

Table legend: (Time is in decaauts)
 A = Elapsed time spent in this place.
 B = Non-inter-level travel time spent in this place.
 C = Inter-level travel time spent in this place.
 D = Time resting spent in this place.
 E = Time spent auto-exploring this place.
 F = Levels seen in this place.
 G = Mean time per level.
                   A        B        C        D        E       F      G
               +--------+--------+--------+--------+--------+-----+--------+
         Total |   7490 |   7063 |    427 |    455 |   5074 |   8 |  936.2 |
       Dungeon |   7240 |   6857 |    383 |    455 |   4881 |   7 | 1034.3 |
        Temple |    249 |    205 |     44 |      0 |    193 |   1 |  249.0 |
               +--------+--------+--------+--------+--------+-----+--------+

Top non-repeatable levels by time:
     D:5: 2458 daAuts
     D:4: 1208 daAuts
     D:3: 1098 daAuts
     D:6: 810 daAuts
     D:1: 778 daAuts
     D:2: 716 daAuts
  Temple: 249 daAuts
     D:7: 168 daAuts
